AoeStats
← Gandalf

Arabia

510347832Analyzed
2v2 RM · 16h ago on Sep 30, 2026· 47m 49s· 4 players
Game mode
Random Map
Map size
Medium (4 player)
Population
200
Speed
Normal
Resources
Standard
Victory
Conquest
Starting age
Dark Age
Ending age
Imperial Age
RankedLock teamsTeams togetherTeam positionsShared explorationLock speedFull tech treeHidden civsTurbo modeCheats
Victory
Defeat
🇨🇷 Huns · Costa Rica
792
+24
🇩🇪 Franks · Germany
487
+17
🇺🇾 Chinese · Uruguay
575
-13
🇨🇳 Franks · China
533
-11
Gandalf
12:49 Feudal Age
13:38 Double-Bit Axe
18:10 Castle Age
18:00 Loom
22:07 Horse Collar
29:03 Wheelbarrow
30:39 Hand Cart
33:29 Man-at-Arms
34:23 Forging
34:15 Scale Mail Armor
34:14 Long Swordsman
35:18 Heavy Plow
40:55 Pikeman
psnb694238
arqmmatav
10:48 Feudal Age
10:29 Loom
11:13 Horse Collar
13:12 Double-Bit Axe
15:47 Gold Mining
15:52 Man-at-Arms
16:24 Town Watch
20:14 Stone Mining
22:27 Castle Age
21:04 Bloodlines
21:35 Scale Barding Armor
24:38 Bow Saw
24:46 Husbandry
27:55 Chain Barding Armor
28:12 Heavy Plow
29:21 Light Cavalry
37:52 Caravan
38:37 Wheelbarrow
42:24 Imperial Age
44:00 Hand Cart
43:46 Town Patrol
44:13 Hussar
45:34 Plate Barding Armor
49:17 Two-Man Saw
49:03 Gold Shaft Mining
MOGGER
12:10 Feudal Age
16:32 Castle Age
14:59 Double-Bit Axe
16:49 Gold Mining
24:10 Loom
25:58 Forging
25:48 Scale Mail Armor
25:53 Scale Barding Armor
28:05 Wheelbarrow
35:49 Imperial Age
35:39 Chain Barding Armor
35:35 Chain Mail Armor
35:55 Iron Casting
37:40 Cavalier
38:21 Husbandry
40:19 Plate Barding Armor
41:30 Conscription
41:07 Arson
41:11 Gambesons
42:31 Fervor
43:19 Bow Saw
44:39 Hand Cart
47:28 Elite Throwing Axeman
Connection lost

Rejoining the realm…

Still unreachable

The connection could not be restored.

Session expired

The server has moved on; the page needs a fresh start.